 Dungeon Crawl Stone Soup version 0.19-a0-644-gd04d753 (webtiles) character file.

16 Duffy the Skirmisher (level 2, 0/26 HPs)
             Began as a Centaur Fighter on June 14, 2016.
             Slain by a worm (3 damage)
             ... on level 3 of the Dungeon.
             The game lasted 00:00:26 (365 turns).

Duffy the Skirmisher (Centaur Fighter)               Turns: 365, Time: 00:00:27

Health: 0/26       AC:  6    Str: 18    XL:     2   Next: 41%
Magic:  2/2        EV:  5    Int:  7    God:
Gold:   0          SH:  8    Dex:  8    Spells: 0 memorised, 1 level left

rFire  . . .     SeeInvis .     a - +0 trident
rCold  . . .     Gourm    .     b - +0 scale mail
rNeg   . . .     Faith    .     c - +0 shield
rPois  .         Spirit   .     (no helmet)
rElec  .         Dismiss  .     (no cloak)
rCorr  .         Reflect  .     (no gloves)
SustAt .         Harm     .     (no barding)
MR     .....                    (no amulet)
Stlth  ..........               (no ring)
                                (no ring)

@: lethally poisoned (0 -> -7), very quick, not resistant to hostile
enchantments, extremely unstealthy
A: hooves 3, deformed body, speed 2, tough skin 3
a: no special abilities


You were on level 3 of the Dungeon.
You were not hungry.

You visited 1 branch of the dungeon, and saw 3 of its levels.


Innate Abilities, Weirdness & Mutations

You have hooves in place of feet.
Armour fits poorly on your strangely shaped body.
You cover ground very quickly.
You have extremely tough skin. (AC +3)


   Skills:
 - Level 3.0 Fighting
 + Level 2.4 Polearms
 - Level 2.1 Armour
 + Level 2.4 Shields


You had one spell level left.
You didn't know any spells.

Inventory:

Hand Weapons
 a - a +0 trident (weapon)
Armour
 b - a +0 scale mail (worn)
 c - a +0 shield (worn)
Scrolls
 e - a scroll of noise {unknown}
Potions
 d - a potion of might
 g - a potion of cure mutation {unknown}
Comestibles
 f - a bread ration

Dungeon Overview and Level Annotations

Branches:
Dungeon (3/15)

Altars:


Message History

There is an open door here.
Attack whom?
Press: ? - help, Dir - move target cursor, f - adder
Aim: an adder You reach to attack!
You barely miss the adder. You block the adder's attack.
You closely miss the adder. The adder bites you. You block the adder's attack.
You barely miss the adder. The adder bites you. x2
You are poisoned.
The adder poisons you!
You miss the adder. Your kick misses the adder.
You feel sick. You block the adder's attack.
You closely miss the adder. The adder bites you but does no damage.
The adder barely misses you.
You miss the adder.
You feel sick. The adder bites you.
You are more poisoned.
The adder poisons you!
You closely miss the adder. Your kick misses the adder.
You feel sick. The adder bites you. The adder barely misses you.
You closely miss the adder. The adder bites you but does no damage.
The adder bites you.
You are lethally poisoned!
The adder poisons you!
You hit the adder.
The adder is lightly wounded.
You feel sick. The adder bites you but does no damage.
You closely miss the adder. Your kick misses the adder.
The adder is lightly wounded.
You feel sick. The adder bites you. x2
You are too injured to fight recklessly!
You are too injured to fight recklessly!
You are too injured to fight recklessly!
You are too injured to fight recklessly!
You are too injured to fight recklessly!
You are too injured to fight recklessly!
You are too injured to fight recklessly!
You are too injured to fight recklessly!
You are too injured to fight recklessly!
You are too injured to fight recklessly!
You are too injured to fight recklessly!
You are too injured to fight recklessly!
You are too injured to fight recklessly!
You are too injured to fight recklessly!
A worm comes into view.
You feel sick.
You feel sick. The adder bites you but does no damage.
You feel sick.
You puncture the worm! You kick the worm, but do no damage.
The worm is heavily wounded.
You feel sick. The adder bites you but does no damage. The worm bites you.
You die...

##### #<..#
###.# #.#
#.# #.# #w#
#### #@#
...# #S#
.!.# #.#
...#
#.###...####
#...'.......
#####...####
####


You could see a worm and an adder.

Action                   || total
-------------------------++-------
Melee: Trident           ||    44
       Kick              ||     5
Armor: Scale mail        ||    32
Dodge: Dodged            ||    13
Block: Shield            ||    22

Notes
Turn   | Place    | Note
--------------------------------------------------------------
     0 | D:1      | Duffy the Centaur Fighter began the quest for the Orb.
     0 | D:1      | Reached XP level 1. HP: 19/19 MP: 1/1
     9 | D:1      | Reached skill level 2 in Polearms
    36 | D:1      | Reached XP level 2. HP: 5/26 MP: 2/2
   365 | D:3      | Slain by a worm

Skill      XL: |  1 |
---------------+----+-----
Polearms       | 2 |  2.4
Fighting       | |  3.0
Armour         | |  2.1
Shields        | |  2.4

Vault maps used:
D:1:      minmay_arrival_solitary_statue
D:2:      lemuel_upstairs_altar, uniq_crazy_yiuf_cottage
D:3:      lemuel_castle_with_subvaults, nicolae_overflow_crystal_walls,
          first_bread, uniq_robin

Vanquished Creatures
  An ooze
  A dart slug
  2 giant geckos
  A hobgoblin
  A kobold
  A ball python
  A bat
  A rat
9 creatures vanquished.
